Map: Problem Vermilliona

Players

Legol

  • Race: Terran Terran
  • League: Gold

Wojak

  • Race: Zerg Zerg
  • Spawn Location: 11:00

VOD

Have the link to the VOD?

Description

Time

  • Played on: Jan. 6, 2020, 9:24 a.m.
  • Length: 27:20
Show
View Real Time Build Order
Export as new Build Order

Legol Terran 

Build Orders:  

Get SALT Encoding   

  12  0:05  SCV  
  13  0:22  SCV  
  14  0:39  Refinery, SCV  
  15  0:54  Engineering Bay  
  15  0:56  SCV  
  16  1:13  SCV  
  17  1:30  SCV, Gunslingers Hideout  
  18  1:41  Muscle Armory  
  18  1:47  SCV  
  19  2:03  SCV  
  20  2:12  Outlaw Weapons Level 1  
  20  2:20  SCV  
  20  2:25  Refinery  
  21  2:37  SCV  
  22  2:54  SCV  
  23  3:01  Tychus  
  23  3:11  SCV  
  24  3:28  SCV  
  25  3:37  Fixers Safehouse  
  25  3:43  Medivac Platform  
  25  3:45  SCV  
  26  4:02  SCV, Engineering Bay  
  27  4:19  SCV  
  28  4:36  SCV  
  29  4:49  Outlaw Weapons Level 2, Outlaw Life and Armor Level 1  
  29  4:53  SCV  
  30  5:10  SCV  
  30  5:18  Miles Blaze Lewis  
  41  6:13  Command Center  
  41  6:17  Auto-Turret  
  41  6:18  Auto-Turret  
  41  7:02  KD9a Implosion Core  
  41  7:59  SCV  
  42  8:10  Auto-Turret  
  42  8:13  Auto-Turret  
  42  8:16  SCV, Auto-Turret  
  43  8:33  SCV  
  43  8:37  SCV  
  45  8:41  Outlaw Weapons Level 3, Outlaw Life and Armor Level 2  
  45  8:50  SCV  
  45  8:54  SCV  
  47  9:07  SCV  
  48  9:24  SCV  
  49  9:41  SCV  
  50  9:53  Auto-Turret x2  
  50  9:54  Auto-Turret x2  
  50  9:56  Auto-Turret  
  50  9:57  Auto-Turret  
  50  9:58  SCV  
  51  10:15  SCV  
  52  10:30  Refinery  
  52  10:31  Refinery  
  52  10:32  SCV  
  53  10:43  Auto-Turret x2  
  53  10:44  Auto-Turret  
  53  10:48  SCV  
  54  11:05  SCV  
  55  11:22  SCV  
  56  11:36  Kev Rattlesnake West  
  56  11:39  SCV  
  67  11:56  SCV  
  68  12:13  SCV  
  69  12:30  SCV  
  70  12:47  SCV  
  71  13:04  SCV  
  72  13:18  Nux  
  82  13:39  Outlaw Weapons Level 4, Outlaw Life and Armor Level 3  
  82  13:47  Engineering Bay  
  82  13:48  Vanadium Shell, Engineering Bay  
  82  13:57  SCV  
  73  14:14  SCV  
  84  15:28  Medivac Platform  
  84  15:31  Flashforce GDM Visor, Endurance Supplements  
  84  15:33  Medivac Platform  
  84  15:53  Auto-Turret  
  84  15:55  Auto-Turret  
  84  15:56  Auto-Turret x2  
  84  15:58  Auto-Turret x3  
  84  16:54  Outlaw Life and Armor Level 4, Outlaw Weapons Level 5  
  84  16:57  Kel-Morian Ripper Rounds  
  84  17:00  High Capacity Containers  
  84  18:14  James Sirius Sykes  
  94  21:06  SA-55 Thunderbolt Missiles, Moebius M34 Terror Rounds, D99 Detonator  
  94  21:08  Umojan Signal Modulator  
  94  21:09  Moebius Aggression Blend, Secret Stash Stimpack  
  94  21:12  T4 Cloudburst Shells  
  94  21:13  Ultrasonic Boosters  
  93  26:40  Crystalline Amplifiers  
  93  26:41  N3 Networking  
  93  26:44  Umojan Turret Frame, SureShot Networked Helmet  
  93  26:46  Hammer Munitions, Hades Oil  
  93  26:47  Wildflame Fuel Additives  
  93  26:48  XCMC-670 Combat Suit  
Show
View Real Time Build Order
Export as new Build Order

Wojak Zerg 

Build Orders:  

Get SALT Encoding   

  12  1:25  Overlord x6  
  12  1:41  Overlord  
  12  2:01  Drone  
  13  2:23  Drone  
  14  2:45  Drone x2  
  16  3:11  Drone x2  
  18  3:55  Drone x2  
  18  3:56  Drone  
  21  4:14  Drone  
  22  4:41  Drone x2  
  24  5:27  Drone  
  24  5:28  Drone  
  24  5:29  Extractor  
  25  5:31  Extractor  
  24  5:54  Spawning Pool  
  24  5:56  Drone x2  
  24  5:57  Evolution Chamber, Drone  
  25  6:33  Drone  
  25  6:34  Drone  
  25  6:39  Queen  
  29  6:56  Hatchery  
  28  7:00  Extractor x2  
  26  7:29  Queen  
  28  7:41  Drone x3  
  31  8:35  Drone x3  
  31  8:38  Drone  
  31  8:39  Drone x5  
  40  8:45  Drone  
  40  8:46  Drone x2  
  43  9:02  Lair  
  43  9:23  Drone x3  
  46  10:01  Drone  
  46  10:02  Drone x7  
  54  10:41  Drone x2  
  54  10:42  Drone x3  
  59  10:58  Hydralisk Den  
  58  11:00  Spire  
  58  11:06  Nydus Network  
  56  11:14  Heroic Fortitude  
  56  11:33  Spine Crawler  
  55  12:10  Chain Reaction  
  55  13:54  Hive  
  55  13:56  Overlord x4  
  55  13:57  Overlord x4  
  55  13:58  Overlord x3  
  55  13:59  Overlord x4  
  55  14:00  Overlord  
  55  14:41  Omega Worm  
  55  15:08  Frenzy  
  55  15:14  Ability Efficiency  
  55  15:38  Hydralisk  
  55  15:39  Hydralisk x6  
  75  15:40  Hydralisk x3  
  75  15:46  Hydralisk  
  75  15:47  Hydralisk x17  
  75  15:49  Omega Worm  
  111  15:53  Ventral Sacs, Unknown  
  131  17:01  Ancillary Carapace  
  131  17:03  Hydralisk x3  
  131  17:04  Hydralisk x7  
  131  17:07  Zerg Melee Weapons Level 1  
  131  17:09  Hydralisk  
  141  17:10  Hydralisk x4  
  139  18:25  Hydralisk, Muscular Augments  
  139  18:26  Hydralisk x5  
  161  18:32  Hydralisk  
  161  18:33  Hydralisk x5  
  161  19:35  Omega Worm  
  161  19:38  Zerg Missile Weapons Level 1  
  161  20:28  Hydralisk  
  161  20:29  Hydralisk x5  
  185  20:40  Hydralisk  
  185  20:41  Hydralisk x5  
  185  21:02  Omega Worm  
  191  21:30  Hydralisk  
  191  21:31  Hydralisk x2  
  191  22:08  Zerg Ground Armor Level 1  
  193  22:15  Hydralisk  
  193  22:16  Hydralisk x3  
  197  23:46  Drone x2  
  199  24:11  Omega Worm  
  199  24:22  Spine Crawler  
  197  25:09  Hydralisk  
  195  26:46  Omega Worm  
Tags
 
Add a new tag
Caveats
  • Supply blocks, unpowered buildings, or Contaminate may cause inaccurate times.
  • Supply counts are checked every 10 seconds.